 Dungeon Crawl Stone Soup version 0.21.1-1-g345015f (webtiles) character file.

74 gloomy the Digger (level 4, -5/24 HPs)
             Began as a Gargoyle Earth Elementalist on May 3, 2018.
             Was an Initiate of Ru.
             Slain by dscm's ghost (8 damage)
             ... on level 3 of the Dungeon.
             The game lasted 00:28:16 (3397 turns).

gloomy the Digger (Gargoyle Earth Elementalist)     Turns: 3397, Time: 00:28:16

Health: -5/24      AC:  5    Str: 12    XL:     4   Next: 28%
Magic:  4/7        EV: 12    Int: 15    God:    Ru [......]
Gold:   49         SH:  0    Dex: 11    Spells: 1/7 levels left

rFire    x . .     SeeInvis .   j - +0 short sword
rCold    + . .     Gourm    .   (no shield)
rNeg     + . .     Faith    .   g - +0 robe
rPois    ∞         Spirit   .   (no helmet)
rElec    +         Reflect  .   (no cloak)
rCorr    .         Harm     .   (no gloves)
MR       .....                  (no boots)
Stlth    ++........             (no amulet)
HPRegen  0.08/turn              o - ring of ice
MPRegen  0.10/turn              (no ring)

@: no status effects
A: negative energy resistance 1, electricity resistance, unbreathing,
petrification resistance, rot immunity, AC +3
a: Renounce Religion


You were on level 3 of the Dungeon.
You worshipped Ru.
Ru was noncommittal.
You were not hungry.

You visited 1 branch of the dungeon, and saw 3 of its levels.

You collected 49 gold pieces.

Inventory:

Hand Weapons
 f - a +0 hunting sling
 j - a +0 short sword (weapon)
Missiles
 b - 88 stones
 i - 11 sling bullets (quivered)
 n - 21 bolts
Armour
 c - a +0 robe
 g - a +0 robe (worn)
Jewellery
 o - a ring of ice (left hand)
Scrolls
 a - 2 scrolls of remove curse
 k - 3 scrolls of identify
 m - a scroll of noise
 q - a scroll of amnesia
Potions
 h - 2 potions of haste
 p - a potion of magic {unknown}
Books
 e - a book of Geomancy

   Spells                             Type                      Level
   a - Sandblast                      Earth                        1
   b - Passwall                       Transmutation/Earth          2
   c - Stone Arrow                    Conjuration/Earth            3
   d - Petrify                        Transmutation/Earth          4
   e - Lee's Rapid Deconstruction     Earth                        5
Comestibles
 d - 2 rations
 l - 2 chunks of flesh


   Skills:
 + Level 0.3 Fighting
 + Level 1.4 Short Blades
 + Level 0.1(0.2) Slings
 + Level 0.1(0.2) Throwing
 + Level 2.2 Dodging
 + Level 2.6 Stealth
 + Level 0.1 Unarmed Combat
 + Level 2.4 Spellcasting
 + Level 0.7 Transmutations
 + Level 4.1 Earth Magic


You had one spell level left.
You knew the following spells:

 Your Spells              Type           Power        Failure   Level  Hunger
a - Sandblast             Erth           ##....       3%          1    #......
b - Passwall              Tmut/Erth      #.........   12%         2    ###....
c - Stone Arrow           Conj/Erth      #.....       26%         3    ###....


Dungeon Overview and Level Annotations

Branches:
Dungeon (3/15)

Altars:
Ru

Annotations:
D:3 dscm's ghost, weakling DsFi


Innate Abilities, Weirdness & Mutations

You are resistant to torment.
Your stone body is resilient. (AC +3)
You are immune to poison.
You resist negative energy. (rN+)
You are resistant to electric shocks. (rElec)
You can survive without breathing.
You are immune to petrification.
You are immune to rotting.


Message History

Level annotation: dscm's ghost, weakling DsFi Dscm's ghost hits you!
There is a stone staircase leading up here.
Casting: Sandblast
Confirm with . or Enter, or press ? or * to list all spells.
Okay, then.
There isn't anything here!
Casting: Sandblast
Confirm with . or Enter, or press ? or * to list all spells.
Aiming: Stone Arrow
Press: ? - help, Shift-Dir - straight line, f - dscm's ghost
Aim: dscm's ghost The stone arrow hits dscm's ghost.
Dscm's ghost is heavily damaged.
Dscm's ghost hits you!
Ouch! That really hurt!
* * * LOW HITPOINT WARNING * * *
You can't go down here!
Dscm's ghost hits you!
You die...

# #.
#.#######
###.......#
...%......#
####......#
#...W..#
#...@..#
########


You could see dscm's ghost.

Vanquished Creatures
  A gnoll (D:1)
  An adder (D:2)
  A worm (D:2)
  3 dart slugs (D:1)
  A leopard gecko (D:1)
  A ball python (D:1)
  4 bats
  2 giant cockroaches
  7 goblins
  7 hobgoblins
  4 kobolds
  A quokka (D:2)
  10 rats
  A fungus (D:2)
  4 plants (D:2)
48 creatures vanquished.

Notes
Turn   | Place    | Note
-------+----------+-------------------------------------------
     0 | D:1      | gloomy the Gargoyle Earth Elementalist began the quest for the Orb.
     0 | D:1      | Reached XP level 1. HP: 10/10 MP: 3/3
   568 | D:1      | Reached XP level 2. HP: 14/15 MP: 1/5
   878 | D:1      | Learned a level 2 spell: Passwall
   980 | D:1      | Reached skill level 4 in Earth Magic
   980 | D:1      | Reached XP level 3. HP: 16/19 MP: 6/6
  1904 | D:2      | Reached skill level 1 in Short Blades
  1904 | D:2      | Reached XP level 4. HP: 3/24 MP: 0/7
  2266 | D:2      | Learned a level 3 spell: Stone Arrow
  2533 | D:2      | Found a sacrificial altar of Ru.
  2826 | D:2      | Became a worshipper of Ru the Awakened
  3215 | D:3      | Noticed dscm's ghost (weakling DsFi)
  3397 | D:3      | Slain by dscm's ghost

Skill      XL: |  1  2  3 |
---------------+----------+-----
Earth Magic    | 4 |  4.1
Dodging        | 2 |  2.2
Short Blades   | 1 |  1.4
Fighting       | |  0.3
Slings         | |  0.1
Throwing       | |  0.1
Stealth        | |  2.6
Unarmed Combat | |  0.1
Spellcasting   | |  2.4
Transmutations | |  0.7

Action                   |  1- 3 |  4- 6 || total
-------------------------+-------+-------++-------
Melee: Unarmed           |    33 |       ||    33
       Hunting sling     |     6 |       ||     6
       Short sword       |    91 |   360 ||   451
 Fire: Hunting sling     |     9 |       ||     9
Throw: Stone             |    20 |       ||    20
 Cast: Sandblast         |    18 |     2 ||    20
       Passwall          |     3 |       ||     3
       Stone Arrow       |       |     1 ||     1
  Use: Potion            |     3 |     1 ||     4
       Scroll            |     4 |     1 ||     5
 Stab: Sleeping          |     3 |       ||     3
  Eat: Chunk             |     3 |     3 ||     6
       Ration            |       |     1 ||     1
Armor: Robe              |    43 |    17 ||    60
Dodge: Dodged            |   100 |    28 ||   128
